 Dungeon Crawl Stone Soup version 0.31-a0-230-g09eb5fc4d3 (webtiles) character file.

Game seed: 6831596697391872571

53 qw the Shooter (level 3, -2/29 HPs)
             Began as a Minotaur Hexslinger on July 6, 2023.
             Was an Initiate of Okawaru.
             Slain by an orc
             ... wielding a +0 mace
              (7 damage)
             ... on level 3 of the Dungeon.
             The game lasted 00:00:39 (1589 turns).

qw the Shooter (Minotaur Hexslinger)                Turns: 1589, Time: 00:00:39

Health: -2/29      AC:  6    Str: 12    XL:     3   Next: 64%
Magic:  3/3        EV: 11    Int: 10    God:    Okawaru [......]
Gold:   61         SH:  0    Dex: 14    Spells: 3/4 levels left

rFire   . . .        Y - +1 sling
rCold   . . .        (no shield)
rNeg    . . .        c - +0 ring mail
rPois   .            (helmet restricted)
rElec   .            (no cloak)
rCorr   .            (no gloves)
SInv    .            n - +0 pair of boots
Will    .....        (no amulet)
Stlth   +            (no ring)
HPRegen 0.24/turn    (no ring)
MPRegen 0.08/turn

%: no passive effects
@: no status effects
A: horns 2, retaliatory headbutt
a: Renounce Religion


You were on level 3 of the Dungeon.
You worshipped Okawaru.
Okawaru was noncommittal.
You visited 1 branch of the dungeon, and saw 3 of its levels.

You collected 61 gold pieces.


Innate Abilities, Weirdness & Mutations

You have a pair of horns on your head.
You reflexively headbutt those who attack you in melee.


   Skills:
 - Level 2.0 Fighting
 + Level 4.0 Ranged Weapons
 - Level 1.0 Armour
 - Level 2.1 Dodging
 - Level 1.0 Spellcasting
 - Level 2.0 Hexes


You had 3 spell levels left.
You knew the following spells:

 Your Spells              Type           Power      Damage    Failure   Level
a - Slow                  Hex            16%        N/A       34%         1

Your spell library contained the following spells:

 Spells                   Type           Power      Damage    Failure   Level
 Inner Flame              Hex/Fire       2%         N/A       83%         3
 Portal Projectile        Hex/Tloc       4%         N/A       83%         3
 Cause Fear               Hex            2%         N/A       98%         4

Inventory:

Hand Weapons
 Y - a +1 sling (weapon)
Armour
 c - a +0 ring mail (worn)
 n - a +0 pair of boots (worn)
Scrolls
 b - a scroll of enchant armour {unknown}
 d - 2 scrolls of identify
 h - a scroll of immolation {unknown}
 m - a scroll of teleportation
Potions
 a - a potion of resistance {unknown}
 e - a potion of enlightenment {unknown}
 f - a potion of heal wounds {unknown}
 g - a potion of lignification {unknown}
 i - a potion of invisibility
 j - a potion of mutation {unknown}
 k - a potion of degeneration {unknown}
 l - 2 potions of might {unknown}

Dungeon Overview and Level Annotations

Branches:
Dungeon (3/15)

Altars:
Okawaru

Shops:
D:2 (


Message History

The sling bullet closely misses the bat.
The orc shouts!
The bat hits you but does no damage. The bat completely misses you.
Something hits you.
You shoot a sling bullet.
The sling bullet hits the orc but does no damage.
The bat barely misses you. Something barely misses you.
You shoot a sling bullet. The sling bullet hits the orc.
The orc is moderately wounded.
The bat hits you but does no damage. Something hits you.
You shoot a sling bullet. The sling bullet hits the orc.
The orc is lightly wounded.
The bat hits you but does no damage. x2
An orc wizard comes into view.
It is wielding a +1 dagger of electrocution.
An orc wizard comes into view. It is wielding a +0 dagger.
The bat barely misses you.
1584 ||| Stepping ~*~*~tactically~*~*~ (outnumbered).
The bat hits you but does no damage. The bat closely misses you.
You shoot a sling bullet.
The sling bullet closely misses the orc.
The bat hits you but does no damage. x2; The orc hits you but does no damage.
You shoot a sling bullet. The sling bullet barely misses the orc.
The bat hits you but does no damage. The bat closely misses you. x2
Something hits you! The orc hits you but does no damage.
You shoot a sling bullet.
The sling bullet closely misses the orc.
The bat hits you but does no damage. The orc hits you but does no damage.
Something hits you but does no damage. The bat closely misses you.
You furiously retaliate!
You headbutt the bat.
You kill the bat!
Okawaru accepts your kill.
You shoot a sling bullet.
The sling bullet closely misses the orc.
Something hits you. The orc hits you but does no damage.
You shoot a sling bullet. The orc wizard shouts!
The sling bullet hits the orc.
The orc is heavily wounded.
Something hits you. The orc closely misses you.
The orc hits you with a +0 mace!
You die...

oo....o.......
.............
......$.....
.......... ..o......
....##.. ##oo# #.# #
#@.# #.# # #o#####.#
########
##....##.###:......
#..............####
.....######.....####..
..#### #...#####..#
###.......## #########


You could see 2 orc wizards and 3 orcs.

Vanquished Creatures
  An adder (D:1)
  A worm (D:2)
  2 dart slugs (D:2)
  2 bats
  5 endoplasms
  A giant cockroach (D:1)
  A goblin (D:2)
  8 hobgoblins
  A kobold (D:1)
  2 quokkas
  4 ball pythons
  3 frilled lizards
  3 rats
34 creatures vanquished.

Notes
Turn   | Place    | Note
-------+----------+-------------------------------------------
     0 | D:1      | qw the Minotaur Hexslinger began the quest for the Orb.
     0 | D:1      | Reached XP level 1. HP: 16/16 MP: 1/1
     0 | D:1      | 0 ||| qw: Version: 0.3-a-46-gb1f654a
     0 | D:1      | 0 ||| qw: Game counter: 1775
     0 | D:1      | 0 ||| qw: Melee chars always use a shield: true
     0 | D:1      | 0 ||| qw: God list: Okawaru
     0 | D:1      | 0 ||| qw: Allow faded altars: false
     0 | D:1      | 0 ||| qw: Do Orc after clearing Dungeon:15 true
     0 | D:1      | 0 ||| qw: Do second Lair branch before Depths: true
     0 | D:1      | 0 ||| qw: Lair rune preference: random
     0 | D:1      | 0 ||| qw: Goals: Normal
     0 | D:1      | 0 ||| PLANNING D:1-11
   196 | D:1      | Reached skill level 3 in Ranged Weapons
   196 | D:1      | Reached XP level 2. HP: 23/23 MP: 2/2
   307 | D:1      | 307 ||| UPGRADING to +0 leather armour.
   317 | D:1      | 317 ||| DROPPING +0 robe.
   481 | D:1      | 481 ||| UPGRADING to +0 ring mail.
   491 | D:1      | 491 ||| DROPPING +0 leather armour.
   618 | D:1      | 618 ||| READING 2 scrolls labelled PIRATRUAVE.
   662 | D:1      | 662 ||| READING scroll labelled FOCOGA OSORAE.
   663 | D:1      | 663 ||| READING scroll labelled LODIEL YPEANOBB.
   664 | D:1      | 664 ||| DROPPING scroll of torment.
   665 | D:1      | 665 ||| DROPPING scroll of poison.
   673 | D:2      | Found an iron altar of Okawaru.
   674 | D:2      | 674 ||| PLANNING OKAWARU WORSHIP
   674 | D:2      | 674 ||| STAIRDANCE
   678 | D:2      | 678 ||| STAIRDANCE
   688 | D:1      | HP: 6/24 [poisoned by an adder]
   770 | D:2      | Became a worshipper of Warmaster Okawaru
   771 | D:2      | 771 ||| PLANNING D:1-11
   886 | D:2      | Found a faded altar of an unknown god.
   995 | D:2      | Reached XP level 3. HP: 25/29 MP: 3/3
  1010 | D:2      | Found Umod's Antique Weapon Boutique.
  1370 | D:2      | Reached skill level 4 in Ranged Weapons
  1430 | D:2      | 1430 ||| UPGRADING to +0 pair of boots.
  1435 | D:2      | 1435 ||| DROPPING ring of wizardry.
  1436 | D:2      | 1436 ||| READING 2 scrolls labelled XIHESUA EMEG.
  1437 | D:2      | 1437 ||| READING 2 scrolls labelled TUHEN NASUFEA.
  1442 | D:2      | 1442 ||| DRINKING 2 blue potions.
  1443 | D:2      | 1443 ||| DROPPING potion of attraction.
  1561 | D:3      | Reached skill level 1 in Armour
  1584 | D:3      | 1584 ||| Stepping ~*~*~tactically~*~*~ (outnumbered).
  1589 | D:3      | HP: 5/29 [something (6)]
  1589 | D:3      | Slain by an orc

Levels and vault maps discovered:
D:1:      dpeg_arrival_water_fire, layout_rooms,
          nicolae_concentric_dashed_squares_mild
D:2:      layout_loops_cross, serial_shops, nicolae_shop_tiny_glass,
          basic_altar, dreamdust_ecumenical_altar_angels_and_demons, hex_tiny,
          minivault_24, minmay_small_reverse_x
D:3:      layout_rooms, mainiacjoe_overflow_small_starburst,
          nicolae_wu_jian_wuxing_cycle

Skill      XL: |  1  2  3 |
---------------+----------+-----
Ranged Weapons | 3 4 |  4.0
Fighting       | 2 |  2.0
Armour         | 1 |  1.0
Dodging        | |  2.1
Spellcasting   | |  1.0
Hexes          | |  2.0

Action                     || total
---------------------------++-------
   Fire: Sling             ||   130
    Use: Scroll            ||     5
         Potion            ||     1
 Armour: Ring mail         ||    23
         Leather armour    ||     1
  Dodge: Dodged            ||    36

Table legend:
 A = Non-vault XP
 B = Vault XP
 C = Vault XP percentage of total XP
 D = Non-vault monster count
 E = Vault monster count
 F = Vault count percentage of total count
                 A         B        C        D         E       F
            +---------+---------+-------+---------+---------+-------
      Total |      66 |      11 |  14.3 |      30 |       4 |  11.8
            +---------+---------+-------+---------+---------+-------
        D:1 |      36 |       0 |   0.0 |      15 |       0 |   0.0
        D:2 |      25 |      11 |  30.6 |      12 |       4 |  25.0
        D:3 |       5 |       0 |   0.0 |       3 |       0 |   0.0
            +---------+---------+-------+---------+---------+-------
